AoeStats
← Jefferson Hope

Coastal Forest

512242575Analyzed
4v4 RM · 9d ago on Oct 8, 2026· 83m 15s· 8 players
Game mode
Random Map
Map size
Large (8 player)
Population
200
Speed
Normal
Resources
Standard
Victory
Conquest
Starting age
Dark Age
Ending age
Imperial Age
RankedLock teamsTeams togetherTeam positionsShared explorationLock speedFull tech treeHidden civsTurbo modeCheats
Victory
Defeat
🇮🇱 Franks · Israel
1246
+14
🇫🇷 Maya · France
1206
+16
🇧🇪 Magyars · Belgium
1172
+17
🇩🇪 Bengalis · Germany
1167
+18
vs
🇬🇧 Slavs · United Kingdom
1245
-18
🇹🇷 Huns · Türkiye
1205
-16
🇹🇷 Berbers · Türkiye
1200
-16
🇬🇧 Vikings · United Kingdom
1181
-15
Sulzmania
7:27 Loom
9:34 Feudal Age
10:04 Man-at-Arms
10:43 Double-Bit Axe
14:53 Fletching
15:57 Horse Collar
18:04 Scale Mail Armor
23:34 Castle Age
22:30 Gold Mining
23:39 Padded Archer Armor
24:00 Town Watch
25:04 Bow Saw
24:59 Bodkin Arrow
25:58 Leather Archer Armor
25:50 Heavy Plow
25:45 Crossbowman
28:48 Ballistics
29:29 Gold Shaft Mining
34:19 Masonry
36:40 Imperial Age
34:30 Elite Skirmisher
38:29 Bracer
38:59 Ring Archer Armor
38:50 Chain Mail Armor
38:46 Forging
38:37 Squires
38:40 Chieftains
39:00 Conscription
39:09 Caravan
40:06 Plate Mail Armor
39:37 Bracer
41:09 Iron Casting
42:24 Elite Berserk
45:41 Blast Furnace
45:53 Ring Archer Armor
46:24 Chemistry
46:52 Two-Man Saw
50:39 Hoardings
50:07 Capped Ram
51:08 Arson
56:05 Heavy Scorpion
56:12 Pikeman
57:13 Siege Ram
66:52 Architecture
66:14 Guard Tower
66:30 Siege Engineers
66:57 Architecture
66:21 Guard Tower
67:19 Fishing Lines
72:51 Gillnets
73:32 Crop Rotation
75:14 Arrowslits
75:10 Treadmill Crane
75:47 Arbalester
77:01 Bogsveigar
78:43 Elite Varangian Guard
Wasteee
6:27 Loom
9:36 Feudal Age
10:43 Double-Bit Axe
16:06 Fletching
16:28 Forging
16:24 Scale Barding Armor
20:09 Castle Age
18:19 Gold Mining
18:27 Horse Collar
22:10 Iron Casting
21:53 Husbandry
25:25 Chain Barding Armor
26:16 Bloodlines
26:45 Town Watch
28:32 Bow Saw
37:04 Imperial Age
38:22 Heavy Camel Rider
40:39 Plate Barding Armor
40:51 Thumb Ring
41:59 Light Cavalry
42:37 Elite Skirmisher
45:02 Blast Furnace
43:53 Fletching
44:04 Padded Archer Armor
46:44 Wheelbarrow
46:13 Heavy Plow
46:19 Bodkin Arrow
48:02 Chemistry
47:34 Ballistics
48:16 Hussar
50:47 Leather Archer Armor
51:27 Bracer
51:36 Elite Genitour
57:00 Ring Archer Armor
61:50 Hand Cart
Pooooooooooooopl
4:52 Loom
11:43 Feudal Age
16:33 Castle Age
15:14 Horse Collar
15:22 Double-Bit Axe
18:04 Medium Warships
18:35 Fletching
24:39 Bow Saw
24:32 Heavy Plow
26:07 Wheelbarrow
25:27 Gold Mining
25:28 Stone Mining
26:49 Bodkin Arrow
27:11 Bloodlines
27:02 Husbandry
28:19 Hand Cart
28:45 Town Watch
30:33 Town Patrol
33:30 Imperial Age
31:21 Scale Mail Armor
31:28 Scale Barding Armor
31:34 Forging
31:48 Ballistics
31:39 Masonry
31:42 Clinker Construction
32:32 Chain Barding Armor
33:59 Iron Casting
33:58 Fortified Wall
33:35 Cavalier
34:53 Plate Barding Armor
38:20 Detinets
38:42 Conscription
38:46 Elite Boyar
40:29 Blast Furnace
38:59 Light Cavalry
39:34 Hussar
51:18 Hoardings
53:07 Siege Engineers
57:15 Caravan
67:41 Two-Man Saw
81:30 Crop Rotation
Jefferson Hope
10:49 Feudal Age
16:20 Castle Age
15:51 Double-Bit Axe
21:00 Fletching
21:11 Padded Archer Armor
22:09 Loom
29:05 Wheelbarrow
29:58 Town Watch
31:21 Hand Cart
32:11 Light Cavalry
32:53 Husbandry
34:28 Forging
34:24 Scale Barding Armor
36:02 Bloodlines
37:53 Iron Casting
37:39 Chain Barding Armor
37:33 Bow Saw
37:06 Horse Collar
37:52 Horse Collar
44:11 Imperial Age
44:17 Cavalier
44:17 Hussar
44:17 Cavalier
44:18 Hussar
45:49 Plate Barding Armor
46:14 Blast Furnace
45:49 Plate Barding Armor
50:48 Paladin
63:05 Parthian Tactics
78:59 Elite Genitour
Vinzzzdj
7:55 Loom
10:17 Feudal Age
16:03 Horse Collar
24:20 Fletching
25:11 Wheelbarrow
29:21 Castle Age
29:05 Gold Mining
29:07 Double-Bit Axe
29:22 Crossbowman
30:15 Bow Saw
30:03 Bodkin Arrow
30:16 Padded Archer Armor
31:11 Ballistics
33:06 Hand Cart
33:46 Thumb Ring
34:35 Leather Archer Armor
35:57 Town Watch
36:42 Stone Mining
44:37 Imperial Age
44:36 Arbalester
45:03 Elite Plumed Archer
46:08 Conscription
45:11 Elite Plumed Archer
47:00 Chemistry
46:04 Bracer
46:35 Ring Archer Armor
55:07 Pikeman
55:49 Squires
61:07 Caravan
63:07 Scale Mail Armor
74:45 Halberdier
76:37 Chain Mail Armor
81:19 Plate Mail Armor
81:00 Forging
Mike
8:40 Loom
11:12 Feudal Age
15:26 Castle Age
13:40 Double-Bit Axe
16:50 Bow Saw
18:18 Gold Mining
19:45 Medium Warships
23:05 Scale Barding Armor
25:01 Stone Mining
25:34 Husbandry
26:04 Chain Barding Armor
27:24 Wheelbarrow
28:43 Forging
30:41 Hand Cart
31:18 Iron Casting
30:33 Fletching
35:39 Imperial Age
33:03 Ordonnance Companies
34:07 Light Cavalry
34:40 Fletching
34:50 Padded Archer Armor
35:47 Cavalier
37:07 Plate Barding Armor
37:14 Paladin
41:12 Conscription
42:12 Blast Furnace
53:50 Chivalry
57:24 Gold Shaft Mining
59:44 Caravan
59:46 Caravan
79:08 Coinage
80:43 Banking
80:31 Town Watch
sabin_schy
9:25 Loom
12:10 Feudal Age
13:06 Double-Bit Axe
13:03 Horse Collar
13:06 Fishing Lines
14:52 Bloodlines
15:38 Wheelbarrow
15:23 Gold Mining
16:57 Scale Barding Armor
19:53 Castle Age
18:45 Stone Mining
20:32 Light Cavalry
21:48 Husbandry
22:26 Chain Barding Armor
23:20 Fletching
24:08 Bodkin Arrow
24:33 Hand Cart
25:59 Gillnets
27:05 Heated Shot
27:56 Heavy Plow
28:14 Bow Saw
30:30 Murder Holes
31:30 Ballistics
30:54 Treadmill Crane
32:25 Masonry
32:39 Corvinian Army
33:21 Gold Shaft Mining
36:39 Imperial Age
35:16 Coinage
34:50 Padded Archer Armor
35:16 Town Watch
35:26 Guard Tower
36:57 Leather Archer Armor
37:01 Thumb Ring
36:51 Heavy Cavalry Archer
37:58 Parthian Tactics
37:36 Recurve Bow
37:59 Conscription
38:43 Chemistry
39:14 Two-Man Saw
39:15 Fervor
38:32 Elite Magyar Huszar
39:18 Bracer
40:01 Ring Archer Armor
40:33 Siege Engineers
41:01 Banking
42:19 Plate Barding Armor
47:00 Hoardings
48:06 Caravan
DS
4:55 Loom
11:47 Feudal Age
14:56 Scale Barding Armor
15:19 Bloodlines
15:29 Forging
18:32 Double-Bit Axe
18:28 Horse Collar
24:40 Gold Mining
25:19 Fletching
28:14 Castle Age
27:03 Scale Mail Armor
27:03 Padded Archer Armor
28:43 Pikeman
29:24 Bodkin Arrow
29:48 Bow Saw
29:39 Heavy Plow
30:25 Wheelbarrow
31:35 Ballistics
32:26 Leather Archer Armor
40:02 Squires
40:19 Chain Mail Armor
40:40 Iron Casting
42:24 Hand Cart
44:26 Chain Barding Armor
44:10 Husbandry
44:32 Arson
47:55 Imperial Age
45:43 Masonry
47:06 Paiks
46:56 Town Watch
49:00 Guilds
48:28 Halberdier
49:49 Town Patrol
49:54 Bracer
51:45 Chemistry
50:53 Elite Elephant Archer
52:17 Conscription
53:14 Ring Archer Armor
53:46 Blast Furnace
53:21 Caravan
53:24 Light Cavalry
55:44 Two-Man Saw
55:25 Crop Rotation
57:22 Mahayana
58:37 Plate Barding Armor
61:12 Elite Battle Elephant
70:13 Siege Engineers
70:43 Architecture
73:40 Heavy Scorpion
75:49 Coinage
79:10 Banking
Connection lost

Rejoining the realm…

Still unreachable

The connection could not be restored.

Session expired

The server has moved on; the page needs a fresh start.